 Dungeon Crawl Stone Soup version 0.21-a0-621-gc60411f (webtiles) character file.

327 Amnesiac the Insei (level 6, -13/41 HPs)
             Began as an Octopode Transmuter on Dec 23, 2017.
             Mangled by a gnoll (17 damage)
             ... on level 3 of the Dungeon.
             The game lasted 00:03:30 (2770 turns).

Amnesiac the Insei (Octopode Transmuter)            Turns: 2770, Time: 00:03:30

Health: -13/41     AC:  1    Str:  9    XL:     6   Next: 50%
Magic:  9/9        EV: 14    Int: 15    God:
Gold:   211        SH:  0    Dex: 15    Spells: 4/10 levels left

rFire    . . .     SeeInvis .     - Unarmed
rCold    . . .     Gourm    .   (no shield)
rNeg     . . .     Faith    .   (helmet restricted)
rPois    .         Spirit   .   (no amulet)
rElec    .         Reflect  .   (no ring)
rCorr    .         Harm     .   (no ring)
MR       .....                  (no ring)
Stlth    ++........             (no ring)
HPRegen  0.13/turn              (no ring)
MPRegen  0.11/turn              (no ring)
                                (no ring)
                                (no ring)

@: sleeping
A: almost no armour, stealthy swim, amphibious, 8 rings, constrict 8, camouflage
1, gelatinous body 1
a: no special abilities


You were on level 3 of the Dungeon.
You were not hungry.

You visited 1 branch of the dungeon, and saw 3 of its levels.

You collected 211 gold pieces.

Inventory:

Missiles
 a - 41 arrows
 i - 13 poisoned needles
 n - 3 needles of confusion
Scrolls
 d - 2 scrolls of amnesia {!r, unknown}
 g - 5 scrolls of remove curse {!r, unknown}
 h - 2 scrolls of enchant armour {!r, unknown}
 j - 2 scrolls of blinking {!r, unknown}
 k - 5 scrolls of identify {!r, unknown}
 l - 2 scrolls of immolation {!r, unknown}
 m - 2 scrolls of teleportation {!r, unknown}
Potions
 e - 4 potions of degeneration {!q, unknown}
 o - a potion of resistance {!q, unknown}
Books
 b - a book of Changes

   Spells                             Type                      Level
   a - Beastly Appendage              Transmutation                1
   b - Sticks to Snakes               Transmutation                2
   c - Spider Form                    Transmutation/Poison         3
   d - Ice Form                       Ice/Transmutation            4
   e - Blade Hands                    Transmutation                5
Comestibles
 c - 7 rations
 f - 10 chunks of flesh


   Skills:
 + Level 2.9 Fighting
 + Level 2.9 Dodging
 * Level 4.2 Unarmed Combat
 + Level 2.5 Spellcasting
 * Level 4.2 Transmutations


You had 4 spell levels left.
You knew the following spells:

 Your Spells              Type           Power        Failure   Level  Hunger
a - Beastly Appendage     Tmut           ##....       3%          1    #......
b - Sticks to Snakes      Tmut           ##......     5%          2    ###....
e - Spider Form           Tmut/Pois      #.........   26%         3    ###....


Dungeon Overview and Level Annotations

Branches:
Dungeon (3/15)

Altars:
Elyvilon
Beogh

Annotations:
D:3 Vajrapani's ghost, amateur DEWn


Innate Abilities, Weirdness & Mutations

You cannot wear most types of armour.
You are very stealthy in the water. (Stealth+)
You are amphibious.
You can wear up to eight rings at the same time.
You can use your tentacles to constrict eight enemies at once.
Your skin changes colour to match your surroundings (Stealth+).
Your rubbery body absorbs attacks. (AC +1, EV +1)


Message History

You barely miss the quokka. The quokka bites you.
You tentacle-slap the quokka but do no damage.
The quokka closely misses you.
You miss the quokka. You grab the quokka. You squeeze the quokka.
You kill the quokka!
No target in view!
You butcher the quokka corpse.
f - 16 chunks of flesh (gained 2)
Things that are here:
an uncursed dagger; an uncursed hunting sling; 21 stones No target in view!
Things that are here:
a hand axe; a ring mail You see here a club.
Found a hand axe.
No target in view!
j - 2 scrolls labeled AFEDUU UXAIKATS {!r} (gained 1)
You now have 211 gold pieces (gained 10).
HP restored.
A goblin comes into view.
A goblin is nearby!
A goblin is nearby!
A goblin is nearby!
A gnoll comes into view.
A gnoll comes into view.
The goblin shouts!
The gnoll shouts!
You hear a shout!
Vajrapani's ghost turns its malevolent gaze towards you.
The goblin wields a hunting sling.
The goblin shoots a sling bullet.
The sling bullet misses you.
A gnoll comes into view. It is wielding a spear.
Vajrapani's ghost points at you and mumbles some strange words.
You fall asleep.
The goblin unwields an uncursed hunting sling.
The goblin misses you. The goblin completely misses you.
Vajrapani's ghost hits you!!
You wake up.
Ouch! That really hurt!
* * * LOW HITPOINT WARNING * * *
The goblin closely misses you.
Unknown command.
The goblin wields an uncursed hunting sling.
The goblin shoots a sling bullet.
The sling bullet hits you.
* * * LOW HITPOINT WARNING * * *
Vajrapani's ghost hits you.
* * * LOW HITPOINT WARNING * * *
The goblin shoots a sling bullet.
The sling bullet closely misses you.
The goblin shoots a sling bullet.
The sling bullet misses you.
You see here a sling bullet.
Vajrapani's ghost points at you and mumbles some strange words.
You fall asleep.
The gnoll shouts!
Vajrapani's ghost hits you.
You wake up.
* * * LOW HITPOINT WARNING * * *
The gnoll closely misses you.
You see here 2 sling bullets.
Unknown command.
Some of the chunks of flesh in your inventory have rotted away.
The gnoll misses you.
Vajrapani's ghost gestures at you while chanting.
You resist with some effort.
Vajrapani's ghost gestures at you while chanting.
You fall asleep.
The gnoll hits you!
You die...

##.....## #.........(.
#.......# #.#.......).
#.......# #. #.#......)..
#....g..#
#.###...........
##.....##
#............... ##.(g##
##......<)..... ###(#
#.............(
##g########.#.#........(#
#...g.gg@..............##
#....W................##
#...........#.........# #
#..).......##.........# #
#.....................# #
#...........##........###
##.########.##...........
#? #...........### .
..#........# #


You could see Vajrapani's ghost, 3 gnolls and a goblin.

Vanquished Creatures
  A phantom (D:2)
  An ogre (D:2)
  An orc priest (D:3)
  5 adders
  An ooze (D:2)
  2 dart slugs
  A leopard gecko (D:3)
  10 orcs (D:3)
  2 ball pythons (D:3)
  7 bats
  A giant cockroach (D:3)
  7 goblins
  6 hobgoblins
  4 jackals (D:2)
  A quokka (D:3)
  5 frilled lizards
  6 kobolds
  12 rats
73 creatures vanquished.

Notes
Turn   | Place    | Note
-------+----------+-------------------------------------------
     0 | D:1      | Amnesiac the Octopode Transmuter began the quest for the Orb.
     0 | D:1      | Reached XP level 1. HP: 13/13 MP: 3/3
   138 | D:1      | Found a roughly hewn altar of Beogh.
   138 | D:1      | Noticed an orc priest
   148 | D:1      | Noticed an orc warrior
   354 | D:1      | Reached XP level 2. HP: 18/18 MP: 5/5
   854 | D:2      | Noticed an ogre
   930 | D:1      | Learned a level 2 spell: Sticks to Snakes
   954 | D:2      | Reached XP level 3. HP: 24/24 MP: 6/6
   959 | D:2      | Learned a level 3 spell: Spider Form
  1550 | D:2      | Killed an ogre
  1550 | D:2      | Reached XP level 4. HP: 30/30 MP: 3/7
  1550 | D:2      | Reached XP level 5. HP: 35/35 MP: 3/8
  1889 | D:3      | Noticed a phantom
  1926 | D:2      | Killed a phantom
  2080 | D:3      | Reached XP level 6. HP: 30/41 MP: 9/9
  2240 | D:3      | Noticed Vajrapani's ghost (amateur DEWn)
  2453 | D:3      | Found a white marble altar of Elyvilon.
  2770 | D:3      | Mangled by a gnoll

Vault maps used:
D:1:      erik_arrival_cave_to_civilisation, minmay_cupped
D:2:      grunt_ministairs_2, mrwooster_statue_mirror,
          hangedman_abyss_or_decor_stabs, kennysheep_generic_room_13
D:3:      nicolae_overflow_hidden_temple, led_sif_pool, first_ration

Skill      XL: |  1  2  3  4  5  6 |
---------------+-------------------+-----
Fighting       | 2 |  2.9
Transmutations | 3 4 |  4.2
Unarmed Combat | 4 |  4.2
Dodging        | |  2.9
Spellcasting   | |  2.5

Action                   |  1- 3 |  4- 6 || total
-------------------------+-------+-------++-------
Melee: Unarmed           |    72 |   125 ||   197
       Constrict         |    17 |    24 ||    41
       Tentacles         |    12 |    14 ||    26
       Punch             |     1 |       ||     1
 Cast: Spider Form       |     1 |     5 ||     6
 Stab: Sleeping          |    10 |     2 ||    12
  Eat: Chunk             |     2 |     5 ||     7
Armor: Skin              |     6 |     6 ||    12
Dodge: Dodged            |    38 |   103 ||   141

Table legend:
 A = Spawn XP
 B = Non-spawn XP
 C = Spawn XP percentage of total XP
 D = Spawn monster count
 E = Non-spawn monster count
 F = Spawn count percentage of total count
 G = Total turns spent on level
                    A         B        C        D         E        F      G
               +---------+---------+-------+---------+---------+-------+---------
         Total |       0 |     468 |   0.0 |       0 |      73 |   0.0 |  2770
               +---------+---------+-------+---------+---------+-------+---------
           D:1 |       0 |      27 |   0.0 |       0 |      19 |   0.0 |   855
           D:2 |       0 |     287 |   0.0 |       0 |      22 |   0.0 |  1214
           D:3 |       0 |     154 |   0.0 |       0 |      32 |   0.0 |   701
               +---------+---------+-------+---------+---------+-------+---------
